 Dungeon Crawl Stone Soup version 0.22-a0-825-ga28c36f (webtiles) character file.

71 inc the Skirmisher (level 4, -3/49 HPs)
             Began as an Ogre Gladiator on July 24, 2018.
             Slain by an orc
             ... wielding a +0 trident of venom
              (11 damage)
             ... on level 4 of the Dungeon.
             The game lasted 00:01:12 (1109 turns).

inc the Skirmisher (Ogre Gladiator)                 Turns: 1109, Time: 00:01:13

Health: -3/49      AC:  3    Str: 19    XL:     4   Next: 24%
Magic:  4/4        EV: 16    Int:  9    God:
Gold:   83         SH:  0    Dex: 15    Spells: 3/3 levels left

rFire    . . .     SeeInvis .   a - +0 flail
rCold    . . .     Gourm    .   (no shield)
rNeg     . . .     Faith    .   b - +0 robe
rPois    .         Spirit   .   c - +0 hat
rElec    .         Reflect  .   g - scarf {repulsion}
rCorr    .         Harm     .   (gloves unavailable)
MR       .....                  (boots unavailable)
Stlth    ++........             (no amulet)
HPRegen  0.16/turn              (no ring)
MPRegen  0.09/turn              (no ring)

@: agile, lethally poisoned (-3 -> -19), repel missiles
A: large, unfitting armour, tough skin 1
a: no special abilities


You were on level 4 of the Dungeon.
You were hungry.

You visited 1 branch of the dungeon, and saw 4 of its levels.

You collected 83 gold pieces.

Inventory:

Hand Weapons
 a - a +0 flail (weapon)
Missiles
 d - 3 throwing nets (quivered)
Armour
 b - a +0 robe (worn)
 c - a +0 hat (worn)
 g - a scarf of repulsion (worn)
Scrolls
 i - 2 scrolls of teleportation {unknown}
Potions
 h - a potion of mutation {unknown}
 j - a potion of berserk rage {unknown}
Comestibles
 f - 5 rations


   Skills:
 + Level 4.5 Fighting
 + Level 3.7 Maces & Flails
 - Level 2.0 Throwing
 - Level 2.6 Dodging


You had 3 spell levels left.
You didn't know any spells.
Your spell library was empty.

Dungeon Overview and Level Annotations

Branches:
Dungeon (4/15)
 Temple: D:4-7

Altars:

Annotations:
D:4 Edmund


Innate Abilities, Weirdness & Mutations

You are too large for most types of armour.
You have tough skin. (AC +1)


Message History

You are too injured to fight recklessly!
You are too injured to fight recklessly!
You are too injured to fight recklessly!
You are too injured to fight recklessly!
You are too injured to fight recklessly!
Unknown command.
You barely miss the orc.
You feel sick.
Edmund drinks a potion.
Edmund suddenly seems more agile.
The orc hits you with a trident of venom!
* * * LOW HITPOINT WARNING * * *
You are lethally poisoned!
Unknown command.
You feel agile all of a sudden.
* * * LOW HITPOINT WARNING * * *
You feel sick. The orc misses you.
You barely miss the orc.
* * * LOW HITPOINT WARNING * * *
You feel sick.
The orc hits you with a trident of venom!
You die...

#.#.####.##.#
#..#..##.##.#
##.###.##.##.#
#.## ##.......
####.###.####...
#.....#..# ##.#
#.##.#.#.# #.#
#########.##.....#
#.#
..@.hoo@....##.###
#.#
#########.#.##.#
#.# #.#.##.#
#......# .......#
.##.##.# #. #.# .#
#. ..# #


You could see Edmund, a hound, an orc priest and an orc.

Vanquished Creatures
  An iguana (D:4)
  2 adders
  A leopard gecko (D:1)
  An orc (D:4)
  2 goblins
  2 hobgoblins
  3 jackals (D:1)
  A quokka (D:2)
  5 bats
  A frilled lizard (D:1)
  2 kobolds (D:1)
  4 rats
25 creatures vanquished.

Notes
Turn   | Place    | Note
-------+----------+-------------------------------------------
     0 | D:1      | inc the Ogre Gladiator began the quest for the Orb.
     0 | D:1      | Reached XP level 1. HP: 22/22 MP: 1/1
    28 | D:1      | Reached skill level 3 in Fighting
   107 | D:1      | Reached XP level 2. HP: 26/31 MP: 2/2
   444 | D:1      | You fall through a shaft!
   505 | D:3      | Reached XP level 3. HP: 26/39 MP: 3/3
   821 | D:4      | Reached skill level 4 in Fighting
   821 | D:4      | Reached XP level 4. HP: 12/49 MP: 4/4
  1106 | D:4      | Noticed Edmund
  1109 | D:4      | Slain by an orc

Vault maps used:
D:1:      minmay_arrival_glassed_features
D:2:      nicolae_overflow_hidden_temple, chequers_ecumenical_altar_twisty
D:3:      first_ration
D:4:      trog_eyes_of_draining, kennysheep_generic_room_4, uniq_edmund

Skill      XL: |  1  2  3 |
---------------+----------+-----
Fighting       | 3 4 |  4.5
Maces & Flails | 3 |  3.7
Throwing       | |  2.0
Dodging        | |  2.6

Action                   |  1- 3 |  4- 6 || total
-------------------------+-------+-------++-------
Melee: Flail             |    76 |     8 ||    84
  Use: Potion            |       |     1 ||     1
 Stab: Sleeping          |       |     1 ||     1
Armor: Robe              |    27 |     1 ||    28
Dodge: Dodged            |    44 |     6 ||    50

Table legend:
 A = Spawn XP
 B = Non-spawn XP
 C = Spawn XP percentage of total XP
 D = Spawn monster count
 E = Non-spawn monster count
 F = Spawn count percentage of total count
 G = Total turns spent on level
                    A         B        C        D         E        F      G
               +---------+---------+-------+---------+---------+-------+---------
         Total |       0 |     102 |   0.0 |       0 |      25 |   0.0 |  1109
               +---------+---------+-------+---------+---------+-------+---------
           D:1 |       0 |      25 |   0.0 |       0 |      16 |   0.0 |   444
           D:2 |       0 |       5 |   0.0 |       0 |       3 |   0.0 |    52
           D:3 |       0 |      17 |   0.0 |       0 |       3 |   0.0 |   260
           D:4 |       0 |      55 |   0.0 |       0 |       3 |   0.0 |   353
               +---------+---------+-------+---------+---------+-------+---------
